 Dungeon Crawl Stone Soup version 0.27.1-1-g398f81649c (webtiles) character file.

Game seed: 5743250575652969530

65 pokedragonboy the Skirmisher (level 3, 0/31 HPs)
             Began as a Demigod Fighter on Sept 16, 2021.
             Slain by an iguana (1 damage)
             ... on level 3 of the Dungeon.
             The game lasted 00:01:52 (1920 turns).

pokedragonboy the Skirmisher (Demigod Fighter)      Turns: 1920, Time: 00:01:53

Health: 0/31       AC:  6    Str: 21    XL:     3   Next: 67%
Magic:  5/5        EV:  7    Int: 10    God:
Gold:   72         SH:  9    Dex: 13    Spells: 2/2 levels left

rFire    . . .     SeeInvis +   a - +0 war axe
rCold    . . .     Faith    .   c - +0 kite shield
rNeg     . . .     Spirit   .   b - +0 scale mail
rPois    .         Reflect  .   (no helmet)
rElec    .         Harm     .   (no cloak)
rCorr    .         Rampage  .   (no gloves)
Will     .....                  (no boots)
Stlth    ..........             (no amulet)
HPRegen  0.10/turn              (no ring)
MPRegen  0.09/turn              (no ring)

@: mighty, attractive
A: high mp 1, forlorn, see invisible
a: no special abilities


You were on level 3 of the Dungeon.
You visited 1 branch of the dungeon, and saw 3 of its levels.

You collected 72 gold pieces.

Inventory:

Hand Weapons
 a - a +0 war axe (weapon)
Armour
 b - a +0 scale mail (worn)
 c - a +0 kite shield (worn)
Scrolls
 e - 2 scrolls of enchant weapon {unknown}
 f - a scroll of summoning {unknown}
 g - a scroll of vulnerability {unknown}
 h - a scroll of enchant armour {unknown}
 k - a scroll of identify {unknown}
 l - a scroll of teleportation {unknown}
 m - a scroll of brand weapon {unknown}


   Skills:
 + Level 3.2 Fighting
 * Level 3.0 Axes
 + Level 3.1 Armour
 - Level 2.6 Shields


You had 2 spell levels left.
You didn't know any spells.
Your spell library contained the following spells:

 Spells                   Type           Power      Damage    Failure   Level
 Tukima's Dance           Hex            0%         N/A       100%        3
 Passage of Golubria      Tloc           N/A        N/A       100%        4
 Yara's Violent Unravell  Hex/Tmut       0%         3d3       100%        5


Dungeon Overview and Level Annotations

Branches:
Dungeon (3/15)


Innate Abilities, Weirdness & Mutations

Your attributes grow dramatically as you level up.
You have an increased reservoir of magic. (+10% MP)
You shall have no god before yourself.
You have supernaturally acute eyesight. (SInv)


Message History

You hear a shout!
There is a stone staircase leading up here.
There are monsters nearby!
There are monsters nearby!
You hit the iguana.
The iguana is moderately wounded.
The iguana bites you.
You hit the iguana.
The iguana is heavily wounded.
You barely miss the goblin. The iguana closely misses you.
The goblin hits you with a +0 club. The iguana bites you.
The goblin hits you with a +0 club.
You slash the iguana!
The iguana is almost dead.
You hit the hobgoblin. You closely miss the goblin. The hobgoblin hits you.
You block the iguana's attack. The goblin hits you but does no damage.
The iguana bites you. The hobgoblin hits you.
You are too injured to fight recklessly!
You are too injured to fight recklessly!
You are too injured to fight recklessly!
You are too injured to fight recklessly!
You are too injured to fight recklessly!
You hit the hobgoblin.
You kill the hobgoblin!
You hit the iguana but do no damage.
Your shield prevents you from hitting the goblin.
The goblin hits you with a +0 club. The iguana bites you!
* * * LOW HITPOINT WARNING * * *
You block the goblin's attack.
It was a potion of mutation.
You feel extremely strange.
Your vision sharpens.
You block the iguana's attack. The goblin hits you with a +0 club.
* * * LOW HITPOINT WARNING * * *
It was a potion of attraction.
You feel attractive to monsters.
The iguana bites you but does no damage.
You block the goblin's attack.
You feel very mighty all of a sudden. The iguana bites you.
You die...

.# #.# ..##
#####...#
#.....#
#.....#
#<....#
#.@...#...
#gl†......
#.....#..#
#.........
#.......##
........#
...........
##.........
...#####..


You could see an iguana and a goblin.

Vanquished Creatures
  2 adders (D:2)
  A worm (D:2)
  2 dart slugs
  2 endoplasms (D:1)
  2 giant cockroaches (D:1)
  6 goblins
  4 hobgoblins
  2 jackals (D:1)
  A quokka (D:2)
  5 ball pythons
  2 bats (D:2)
  A frilled lizard (D:1)
  3 kobolds
  5 rats
38 creatures vanquished.

Notes
Turn   | Place    | Note
-------+----------+-------------------------------------------
     0 | D:1      | pokedragonboy the Demigod Fighter began the quest for the
                  | Orb.
     0 | D:1      | Reached XP level 1. HP: 18/18 MP: 3/3
   106 | D:1      | Reached XP level 2. HP: 18/25 MP: 4/4
   969 | D:2      | Reached XP level 3. HP: 25/31 MP: 5/5
  1916 | D:3      | HP: 1/31 [iguana (10)]
  1917 | D:3      | Gained mutation: You have supernaturally acute eyesight.
                  | (SInv) [potion of mutation]
  1920 | D:3      | Slain by an iguana

Illustrated notes

Levels and vault maps discovered:
D:1:      dpeg_arrival_tiny_g, layout_rooms, hellmonk_ecumenical_altar_lost_god,
          ebering_dispersal_statue_hall, amcnicky_mini_corridor_feature
D:2:      layout_loops_cross, corexii_leaking_fountain
D:3:      layout_rooms, overflow_temple_1_default,
          hangedman_abyss_or_decor_lesser_grid, uniq_robin,
          uniq_crazy_yiuf_cottage

Skill      XL: |  1  2  3 |
---------------+----------+-----
Axes           | 2 3 |  3.0
Fighting       | 3 |  3.2
Armour         | 3 |  3.1
Shields        | |  2.6

Action                   || total
-------------------------++-------
Melee: War axe           ||   118
  Use: Potion            ||     4
Armor: Scale mail        ||    79
       Skin              ||     3
Dodge: Dodged            ||    34
Block: Kite shield       ||    67
